 Dungeon Crawl Stone Soup version 0.25.1-1-g288607f (webtiles) character file.

Game seed: 740113973446672956

497 RonnieColeman the Magician (level 7, 0/41 HPs)
             Began as an Octopode Conjurer on Sept 12, 2020.
             Slain by Blork the orc
             ... wielding a cursed -3 trident
              (4 damage)
             ... on level 4 of the Dungeon.
             The game lasted 00:06:56 (3755 turns).

RonnieColeman the Magician (Octopode Conjurer)      Turns: 3755, Time: 00:06:56

Health: 0/41       AC:  1    Str:  7    XL:     7   Next: 16%
Magic:  1/15       EV: 13    Int: 19    God:
Gold:   204        SH:  0    Dex: 13    Spells: 14/17 levels left

rFire    + . .     SeeInvis .   i - +2 short sword (vamp)
rCold    x . .     Gourm    .   (no shield)
rNeg     . . .     Faith    .   (helmet restricted)
rPois    .         Spirit   .   (no amulet)
rElec    .         Reflect  .   l - ring of fire
rCorr    .         Harm     .   (no ring)
MR       .....                  (no ring)
Stlth    +++.......             (no ring)
HPRegen  0.13/turn              (no ring)
MPRegen  0.14/turn              (no ring)
                                (no ring)
                                (no ring)

@: no status effects
A: almost no armour, stealthy swim, amphibious, 8 rings, constrict 8, camouflage
1, gelatinous body 1
a: no special abilities


You were on level 4 of the Dungeon.
You were not hungry.

You visited 1 branch of the dungeon, and saw 4 of its levels.

You collected 204 gold pieces.

Inventory:

Hand Weapons
 g - a +0 short sword
 i - a +2 vampiric short sword (weapon)
Jewellery
 l - a ring of fire (left tentacle)
Scrolls
 a - 3 scrolls of identify {unknown}
 c - a scroll of immolation {unknown}
 d - 2 scrolls of amnesia {unknown}
 j - a scroll of teleportation {unknown}
 n - 2 scrolls of blinking {unknown}
 o - a scroll of fear {unknown}
 q - a scroll of enchant weapon {unknown}
 r - a scroll of magic mapping {unknown}
 s - a scroll of remove curse {unknown}
Potions
 e - a potion of brilliance {unknown}
 f - a potion of might
 k - a potion of flight {unknown}
 m - 2 potions of curing {unknown}
 p - a potion of berserk rage {unknown}
Comestibles
 b - 6 rations
 h - 8 chunks of flesh


   Skills:
 - Level 2.0 Dodging
 - Level 2.6 Stealth
 * Level 5.8 Spellcasting
 + Level 5.7 Conjurations


You had 14 spell levels left.
You knew the following spells:

 Your Spells              Type           Power        Failure   Level  Hunger
a - Magic Dart            Conj           ####         1%          1    None
b - Searing Ray           Conj           ####..       1%          2    None

Your spell library contained the following spells:

 Spells                   Type           Power        Failure   Level  Hunger
 Dazzling Flash           Conj/Hex       ###...       11%         3    ##.....
 Fulminant Prism          Conj/Hex       ###.......   34%         4    ####...
 Iskenderun's Mystic Bla  Conj/Tloc      ###.....     34%         4    ####...


Dungeon Overview and Level Annotations

Branches:
Dungeon (4/15)
 Temple: D:4-7

Altars:
Fedhas
Gozag

Annotations:
D:4 Blork the orc


Innate Abilities, Weirdness & Mutations

You cannot wear most types of armour.
You are very stealthy in the water. (Stealth+)
You are amphibious.
You can wear up to eight rings at the same time.
You can use your tentacles to constrict eight enemies at once.
Your skin changes colour to match your surroundings (Stealth+).
Your rubbery body absorbs attacks. (AC +1, EV +1)


Message History

(Press . to maintain the ray.) Blork the orc mumbles some strange words.
Blork the orc seems to speed up.
Without enough magic to sustain it, your searing ray dissipates.
Blork the orc closely misses you.
Blork the orc hits you with a cursed -3 trident!
Blork the orc misses you. Blork the orc barely misses you.
Blork the orc hits you with a cursed -3 trident!
* * * LOW HITPOINT WARNING * * *
Blork the orc misses you.
The orc throws a stone.
The stone barely misses you. Blork the orc misses you.
The orc throws a stone.
The stone barely misses you.
The orc throws a stone.
The stone completely misses you.
Blork the orc hits you from afar with a cursed -3 trident.
* * * LOW HITPOINT WARNING * * *
There is an open door, spattered with blood here.
You see here 3 stones.
Blork the orc hits you from afar with a cursed -3 trident.
You die...

......)######..#
##o........
#....(##..
#.####.....+
#..........# #
#..........# ...
.........###o###.^#
.........+..)...>.#
.#.#.#...###@###..#
# #.#.### #<# # .
#. #รท# .# ## #.#
#.# #.# .(# ..# ..#


You could see Blork the orc (fast) and an orc.

Vanquished Creatures
  4 orc wizards
  2 orc priests
  Crazy Yiuf (D:2)
  Terence (D:1)
  Natasha (thrice) (D:2)
  A worker ant (D:4)
  4 gnolls (D:3)
  6 adders
  2 adder skeletons (D:4)
  2 worms
  3 dart slugs
  A leopard gecko (D:3)
  9 orcs
  4 bats
  2 giant cockroaches (D:2)
  7 goblins
  12 hobgoblins
  A quokka (D:3)
  4 frilled lizards
  A jackal skeleton (D:4)
  7 kobolds
  2 rats
79 creatures vanquished.

Notes
Turn   | Place    | Note
-------+----------+-------------------------------------------
     0 | D:1      | RonnieColeman the Octopode Conjurer began the quest for the
                  | Orb.
     0 | D:1      | Reached XP level 1. HP: 11/11 MP: 3/3
   194 | D:1      | Reached XP level 2. HP: 15/17 MP: 5/5
   721 | D:2      | Noticed Terence
   722 | D:2      | Reached XP level 3. HP: 14/21 MP: 5/7
  1030 | D:1      | HP: 1/21 [Terence/cursed -2 hand axe (1)]
  1032 | D:1      | Killed Terence
  1032 | D:1      | Reached XP level 4. HP: 1/27 MP: 7/9
  1258 | D:1      | Learned a level 2 spell: Searing Ray
  1682 | D:2      | Noticed Natasha
  1694 | D:2      | Killed Natasha
  1694 | D:2      | Reached XP level 5. HP: 16/31 MP: 7/11
  1844 | D:2      | Noticed Natasha
  1854 | D:2      | Killed Natasha
  1992 | D:2      | Found a runed translucent door.
  1993 | D:2      | Noticed Crazy Yiuf
  1998 | D:2      | Killed Crazy Yiuf
  1998 | D:2      | Reached skill level 5 in Conjurations
  2095 | D:2      | Noticed Natasha
  2100 | D:2      | Killed Natasha
  2359 | D:2      | Found an opulent altar of Gozag.
  2617 | D:3      | Reached XP level 6. HP: 36/36 MP: 9/13
  2772 | D:3      | Found a blossoming altar of Fedhas.
  2870 | D:3      | Reached skill level 5 in Spellcasting
  3567 | D:4      | Reached XP level 7. HP: 23/41 MP: 3/15
  3733 | D:4      | Noticed Blork the orc
  3755 | D:4      | Slain by Blork the orc

Illustrated notes

Levels and vault maps discovered:
D:1:      minmay_arrival_solitary_statue, layout_loops_cross
D:2:      layout_loops_ring, first_ration, nicolae_gozag_seed_capital,
          uniq_terence, uniq_crazy_yiuf_cottage, uniq_natasha
D:3:      layout_basic, lemuel_round_altar
D:4:      layout_basic, lemuel_doored_altar, uniq_blork_the_orc

Skill      XL: |  1  2  3  4  5  6 |
---------------+-------------------+-----
Spellcasting   | 3 4 5 |  5.8
Conjurations   | 5 |  5.7
Dodging        | |  2.0
Stealth        | |  2.6

Action                   |  1- 3 |  4- 6 |  7- 9 || total
-------------------------+-------+-------+-------++-------
Melee: Unarmed           |    19 |       |       ||    19
       Constrict         |     9 |    30 |     2 ||    41
       Tentacles         |     5 |    20 |     3 ||    28
       Short sword       |    26 |   102 |     5 ||   133
 Cast: Magic Dart        |     5 |     3 |       ||     8
       Searing Ray       |       |    16 |     4 ||    20
 Stab: Sleeping          |     5 |     8 |       ||    13
  Eat: Chunk             |       |     9 |       ||     9
Armor: Skin              |     8 |    11 |       ||    19
Dodge: Dodged            |    23 |    78 |    15 ||   116
